AoeStats
← santi12341234pi

Arabia

510806045Analyzed
1v1 RM · 12h ago on Oct 2, 2026· 31m 30s· 2 players
Game mode
Random Map
Map size
Tiny (2 player)
Population
200
Speed
Normal
Resources
Standard
Victory
Conquest
Starting age
Dark Age
Ending age
Imperial Age
RankedLock teamsTeams togetherTeam positionsShared explorationLock speedFull tech treeHidden civsTurbo modeCheats
Victory
Defeat
🇩🇪 Teutons · Germany
810
+14
🇨🇷 Vietnamese · Costa Rica
775
-35
Jakobob
5:16 Loom
11:30 Feudal Age
14:08 Wheelbarrow
13:25 Double-Bit Axe
20:00 Castle Age
20:44 Scale Barding Armor
20:50 Forging
21:26 Hand Cart
21:26 Bow Saw
20:59 Horse Collar
25:59 Chain Barding Armor
29:46 Iron Casting
santi12341234pi
11:41 Loom
13:36 Feudal Age
21:13 Castle Age
19:19 Fletching
19:42 Double-Bit Axe
20:55 Gold Mining
21:15 Padded Archer Armor
21:54 Pikeman
28:00 Scale Mail Armor
28:16 Leather Archer Armor
27:56 Bodkin Arrow
31:01 Thumb Ring
30:16 Crossbowman
Connection lost

Rejoining the realm…

Still unreachable

The connection could not be restored.

Session expired

The server has moved on; the page needs a fresh start.